Map: 16-Bit LE

Players

Must

  • Race: Zerg Zerg
  • League: Platinum
  • Spawn Location: 7:00

Massacror - Winner!

  • Race: Terran Terran
  • League: Diamond
  • Spawn Location: 1:00

VOD

Have the link to the VOD?

Description

Time

  • Played on: July 27, 2018, 9:13 a.m.
  • Length: 6:29
Show
View Real Time Build Order
Export as new Build Order

Must Zerg 

Build Orders: Hatch First 

Get SALT Encoding   

  12  0:00  Drone  
  13  0:12  Overlord  
  13  0:18  Drone  
  14  0:31  Drone x2  
  14  0:35  Drone  
  17  0:45  Drone  
  18  0:59  Hatchery  
  17  1:11  Spawning Pool  
  17  1:14  Drone  
  17  1:17  Drone  
  18  1:22  Drone  
  19  1:27  Extractor  
  19  1:29  Drone  
  19  1:39  Drone  
  20  1:52  Overlord  
  20  2:01  Queen  
  22  2:13  Zergling x4  
  22  2:14  Drone  
  22  2:15  Queen  
  27  2:22  Drone x2  
  29  2:31  Metabolic Boost  
  29  2:44  Drone x3  
  29  2:45  Drone  
  29  2:50  Queen  
  35  3:00  Extractor  
  34  3:12  Roach Warren  
  32  3:15  Evolution Chamber  
  32  3:18  Drone  
  32  3:19  Drone x4  
  36  3:37  Lair  
  36  3:40  Overlord x2  
  31  4:02  Drone x6  
  21  4:16  Drone x4  
  18  4:38  Drone x3  
  21  5:04  Drone x6  
  27  5:14  Drone x2  
  27  5:16  Drone  
  30  5:22  Pneumatized Carapace  
  29  5:34  Spine Crawler  
  28  5:35  Spine Crawler  
  28  5:39  Spine Crawler  
  26  5:55  Drone x6  
  32  6:02  Zergling x6  
Show
View Real Time Build Order
Export as new Build Order

Massacror Terran - Winner!

Build Orders: Hellion Opening 

Get SALT Encoding   

  12  0:13  SCV  
  13  0:20  Supply Depot  
  13  0:21  Refinery  
  13  0:25  SCV  
  14  0:39  SCV  
  15  0:45  Barracks  
  15  0:51  SCV  
  16  1:03  SCV  
  17  1:15  SCV  
  18  1:35  Orbital Command  
  18  1:36  Factory  
  18  1:40  Barracks Reactor  
  18  1:49  Supply Depot  
  18  2:01  SCV  
  19  2:13  SCV  
  20  2:23  Command Center  
  20  2:31  Hellion  
  20  2:32  Hellion  
  24  2:46  Barracks Reactor  
  24  2:52  Armory  
  24  2:53  Hellion x2  
  28  3:01  SCV  
  28  3:05  Refinery  
  29  3:22  Marine  
  29  3:23  Marine  
  31  3:34  Supply Depot  
  31  3:35  Hellion x2  
  31  3:36  SCV  
  31  3:40  Marine x2  
  30  4:26  Marine x2  
  30  4:29  Hellion  
  30  4:30  Hellion  
  36  4:37  SCV  
  37  4:44  Marine x2  
  39  4:49  SCV  
  39  4:50  Hellion  
  39  4:51  Hellion  
  44  4:58  Barracks  
  44  5:00  SCV, Starport  
  44  5:01  SCV  
  44  5:02  Marine x2  
  48  5:10  Engineering Bay  
  48  5:12  SCV  
  48  5:13  SCV  
  50  5:18  Supply Depot  
  50  5:24  SCV  
  50  5:25  SCV  
  52  5:30  Marine x2  
  54  5:39  SCV  
  54  5:40  Widow Mine x2  
  54  5:41  Supply Depot  
  59  5:48  Marine x2, Barracks Tech Lab  
  59  5:49  Starport Reactor  
  61  5:51  SCV  
  62  6:03  SCV  
  63  6:05  Marine x2  
Tags
 
Add a new tag
Caveats
  • Supply blocks, unpowered buildings, or Contaminate may cause inaccurate times.
  • Supply counts are checked every 10 seconds.